Map: Lightshade LE

Players

HeroMarine

  • Race: Terran Terran

ShoWTimE - Winner!

  • Race: Protoss Protoss

Event: DreamHack SC2 Masters 2021 Winter

VOD

Have the link to the VOD?

Description

Time

  • Played on: Oct. 12, 2021, 11:54 a.m.
  • Length: 22:00

All games in this series

Show
View Real Time Build Order
Export as new Build Order

HeroMarine Terran 

Build Orders:  

Get SALT Encoding   

  12  0:00  SCV  
  13  0:12  SCV  
  14  0:17  Supply Depot  
  14  0:24  SCV  
  15  0:38  SCV  
  15  0:39  Barracks  
  16  0:44  Refinery  
  16  0:50  SCV  
  17  1:03  SCV  
  18  1:15  SCV  
  19  1:26  Marine  
  19  1:27  Orbital Command  
  20  1:40  Command Center  
  20  1:51  Factory  
  20  1:54  SCV  
  21  2:02  Barracks Reactor  
  21  2:05  Supply Depot  
  21  2:07  SCV  
  22  2:14  Refinery  
  22  2:19  SCV  
  23  2:31  SCV  
  23  2:34  Widow Mine  
  26  2:39  Marine x2  
  26  2:44  Starport, SCV  
  29  2:53  Orbital Command  
  29  2:56  Widow Mine, SCV  
  29  2:58  Marine  
  33  3:00  Marine  
  34  3:08  SCV  
  35  3:14  Supply Depot  
  35  3:18  Factory Tech Lab  
  35  3:20  SCV, Medivac  
  35  3:22  Marine  
  35  3:25  Orbital Command  
  39  3:32  SCV, Marine  
  41  3:40  Marine  
  42  3:44  SCV  
  42  3:46  Barracks  
  42  3:47  Factory Tech Lab  
  43  3:50  Marine  
  43  3:51  SCV  
  43  3:56  SCV  
  43  3:58  Marine  
  43  4:01  Raven  
  47  4:03  Supply Depot, SCV  
  47  4:08  SCV, Marine  
  50  4:15  SCV  
  50  4:16  Marine  
  52  4:20  SCV, Barracks  
  53  4:27  SCV  
  53  4:28  Marine  
  55  4:32  SCV  
  55  4:33  Marine  
  55  4:34  Engineering Bay  
  57  4:39  SCV  
  57  4:43  Marauder, Stimpack  
  57  4:45  SCV  
  61  4:47  Supply Depot  
  61  4:52  SCV, Factory Reactor  
  62  4:53  Bunker  
  62  4:59  Refinery  
  62  5:00  Starport Reactor  
  62  5:05  SCV  
  62  5:07  Marine x2  
  62  5:09  Marauder, SCV  
  62  5:11  Terran Infantry Weapons Level 1  
  62  5:12  Supply Depot  
  65  5:15  Marauder  
  65  5:18  SCV  
  68  5:21  SCV  
  68  5:23  Combat Shield  
  68  5:28  Marine  
  69  5:33  Marine  
  69  5:34  Marauder, SCV x2, Refinery  
  69  5:35  Widow Mine x2  
  77  5:36  Supply Depot  
  77  5:37  Marauder  
  79  5:46  Marine  
  80  5:51  Marine  
  80  5:52  Command Center  
  80  5:57  Marauder  
  80  6:00  Marauder  
  80  6:02  Medivac  
  80  6:04  Marine  
  86  6:07  Supply Depot, Medivac  
  86  6:09  SCV, Marine  
  86  6:11  SCV  
  92  6:13  Widow Mine  
  94  6:21  Supply Depot  
  94  6:25  Concussive Shells  
  94  6:29  Marauder x2, Widow Mine, SCV x2  
  97  6:41  SCV x2  
  89  6:47  Widow Mine, Medivac x2  
  89  6:51  Marauder x2, Widow Mine  
  91  6:56  SCV  
  91  6:58  Barracks  
  91  7:00  SCV  
  88  7:01  Barracks  
  88  7:06  Terran Infantry Armor Level 1  
  88  7:07  Marine x2  
  90  7:08  Orbital Command  
  90  7:09  SCV  
  90  7:12  SCV  
  90  7:15  Marine x2  
  94  7:21  SCV  
  94  7:22  Widow Mine x2  
  99  7:24  SCV  
  99  7:26  Medivac  
  99  7:27  Medivac  
  99  7:28  Orbital Command  
  104  7:33  Marauder x2  
  104  7:35  SCV  
  109  7:38  SCV  
  109  7:39  Marine x2  
  112  7:46  Supply Depot  
  112  7:49  Barracks Tech Lab  
  112  7:50  Ghost Academy  
  112  7:51  Barracks Reactor  
  112  7:54  SCV  
  112  7:55  Marauder, SCV  
  112  7:56  Refinery x2  
  112  7:57  SCV  
  117  8:02  Marauder  
  119  8:06  SCV  
  119  8:07  SCV  
  119  8:08  Marine x2  
  119  8:09  SCV  
  119  8:10  Missile Turret  
  122  8:18  SCV  
  122  8:19  SCV  
  120  8:21  SCV  
  120  8:23  Widow Mine x2  
  120  8:25  Marine  
  120  8:26  Bunker  
  127  8:27  Supply Depot  
  127  8:29  Ghost x3  
  127  8:31  Marine x2  
  130  8:36  Marine  
  130  8:37  Armory, Enhanced Shockwaves  
  129  8:45  Supply Depot, Marine  
  130  8:48  Missile Turret  
  130  8:49  Marine  
  130  8:53  Marine  
  130  8:54  Supply Depot  
  130  8:55  Marine  
  133  8:58  Marauder, Widow Mine x2  
  133  8:59  Marauder  
  141  9:05  Supply Depot  
  141  9:07  Marauder  
  141  9:08  Supply Depot  
  137  9:17  Marine x2  
  137  9:19  Ghost x2  
  137  9:20  Marine x2  
  137  9:21  Widow Mine x2, Medivac  
  147  9:24  Medivac  
  147  9:28  Marauder  
  150  9:32  Terran Infantry Weapons Level 2  
  150  9:35  Engineering Bay  
  150  9:40  Marine x2  
  150  9:41  Marine x2  
  150  9:42  Widow Mine  
  150  9:43  Widow Mine  
  158  9:48  Marauder, Barracks x2  
  158  9:49  Barracks  
  158  9:50  Marine  
  158  9:52  Marine  
  162  9:57  Terran Ship Weapons Level 1  
  162  9:58  Marine  
  162  9:59  Marine  
  164  10:04  Widow Mine x2  
  168  10:08  Ghost, Marine x2  
  172  10:15  Ghost  
  172  10:18  Marauder  
  164  10:32  Bunker, Marine  
  165  10:35  Supply Depot  
  165  10:36  Barracks Reactor, Barracks Tech Lab  
  165  10:37  Barracks Tech Lab  
  165  10:40  Terran Infantry Armor Level 2  
  165  10:42  SCV x3, Marine  
  173  10:43  Marauder x2  
  173  10:47  Missile Turret  
  173  10:57  Widow Mine x2, Marine x3  
  173  10:58  SCV  
  173  11:02  Supply Depot  
  181  11:10  Marine  
  181  11:15  Ghost  
  181  11:17  Marauder  
  180  11:18  Medivac  
  180  11:23  Ghost  
  180  11:24  Marauder x2, Medivac  
  189  11:27  Starport  
  172  11:38  Marauder  
  172  11:39  Marine  
  172  11:40  Marine  
  172  11:45  Marauder  
  172  11:46  Marauder x2  
  180  11:48  Viking  
  180  11:49  Terran Infantry Weapons Level 3, Marine x2  
  180  11:50  Marine x2  
  180  11:53  Marauder  
  188  11:57  Marine  
  189  12:03  Supply Depot  
  189  12:05  Marine  
  189  12:06  Marauder x2, Missile Turret, Refinery, Viking  
  189  12:07  Marine  
  189  12:08  Refinery  
  197  12:18  Orbital Command  
  197  12:21  Viking  
  197  12:22  Viking  
  194  12:29  Viking, Ghost x2  
  175  12:33  Marauder  
  175  12:36  Marauder, Viking  
  172  12:39  Marine x2  
  172  12:47  Marine x2  
  176  12:52  Marine  
  176  12:54  Marauder  
  176  12:57  Ghost  
  175  12:58  Marine x2  
  175  13:02  Marauder  
  181  13:05  Marauder  
  181  13:06  Marine  
  181  13:07  Marine  
  181  13:08  Marine  
  181  13:09  Viking  
  181  13:10  Viking  
  181  13:12  Viking  
  188  13:15  Viking  
  188  13:16  Marauder  
  192  13:20  Marauder  
  192  13:24  Marauder  
  192  13:26  Marauder, Ghost  
  194  13:36  Ghost  
  194  13:39  Marine x3  
  194  13:41  Ghost  
  196  13:45  Marauder  
  200  13:53  Command Center, Terran Infantry Armor Level 3  
  195  14:07  Viking x2  
  191  14:21  Marauder  
  191  14:22  Marine x2  
  189  14:24  Ghost  
  189  14:25  Ghost  
  189  14:32  Viking x2  
  189  14:37  Viking  
  193  14:41  Viking  
  193  14:42  Marine x6  
  174  14:46  Marauder x2  
  174  14:47  Marauder  
  180  14:53  Marine  
  180  14:54  Marauder  
  181  15:00  Marine x2  
  181  15:04  Marine  
  181  15:05  Marine  
  187  15:07  Marauder x2  
  187  15:08  Marauder  
  187  15:12  Marauder  
  195  15:15  Marauder  
  195  15:19  Medivac  
  195  15:20  Medivac  
  197  15:35  Fusion Core  
  197  15:37  Refinery  
  197  15:39  Refinery  
  193  15:44  Ghost x2  
  193  15:45  Marauder  
  190  15:59  Liberator x3  
  199  16:04  Command Center  
  199  16:05  Missile Turret x2  
  194  16:33  Marauder x2, Orbital Command  
  194  16:34  Marine  
  197  16:40  Liberator, Planetary Fortress  
  197  16:44  Sensor Tower  
  200  16:48  Sensor Tower  
  200  16:53  SCV  
  200  16:54  SCV  
  192  17:04  Liberator x2  
  192  17:05  Advanced Ballistics  
  192  17:06  Terran Ship Weapons Level 2  
  192  17:07  Ghost  
  192  17:08  Bunker  
  200  17:09  Missile Turret x2  
  200  17:11  Missile Turret  
  187  17:28  Liberator x2  
  181  17:30  Marauder x2, Marine x3  
  181  17:31  Marine x2  
  181  17:36  Refinery  
  184  17:37  Bunker  
  184  17:38  SCV  
  184  17:39  SCV  
  186  17:46  Orbital Command  
  186  17:54  Personal Cloaking  
  184  18:01  Liberator  
  184  18:05  Liberator  
  176  18:14  Marauder  
  169  18:23  Marauder  
  169  18:25  Marauder x2  
  160  18:31  Marauder  
  160  18:32  Liberator  
  135  18:35  Marauder  
  135  18:36  Liberator  
  140  18:43  Ghost  
  140  18:44  Marine  
  140  18:45  Marine  
  143  18:51  Marine  
  143  18:52  Marine  
  143  18:55  Ghost  
  147  18:58  SCV x2  
  152  19:03  Liberator  
  152  19:06  Ghost  
  154  19:14  Ghost  
  154  19:16  Ghost  
  150  19:20  Marauder  
  134  19:27  Liberator  
  134  19:29  Marauder  
  135  19:36  Marauder, Orbital Command  
  137  19:41  Marauder  
  137  19:42  Marine  
  137  19:43  Marauder  
  137  19:44  Marine x2  
  140  19:49  Marauder  
  140  19:50  Marine  
  141  19:53  Liberator  
  141  19:59  Medivac  
  146  20:07  Ghost  
  146  20:09  Marauder  
  146  20:11  Marauder  
  150  20:20  Marauder  
  139  20:23  Marauder  
  125  20:30  Marauder  
  125  20:33  Marauder  
  96  21:13  Marauder  
  71  21:30  Marine  
  72  21:39  Marine  
Show
View Real Time Build Order
Export as new Build Order

ShoWTimE Protoss - Winner!

Build Orders: 1 Gate Expand, Blink Stalkers 

Get SALT Encoding   

  12  0:00  Probe  
  13  0:12  Probe  
  14  0:16  Pylon  
  14  0:24  Probe  
  15  0:34  Gateway  
  15  0:36  Probe (Chrono Boost)  
  16  0:45  Probe (Chrono Boost)  
  16  0:46  Assimilator  
  17  0:51  Probe (Chrono Boost)  
  18  1:03  Probe  
  19  1:15  Probe  
  20  1:21  Nexus  
  20  1:31  Cybernetics Core  
  20  1:33  Probe  
  20  1:38  Assimilator  
  21  1:45  Probe  
  22  1:49  Pylon  
  22  1:57  Probe  
  23  2:04  Adept (Chrono Boost)  
  23  2:07  Warp Gate  
  25  2:10  Probe  
  26  2:19  Twilight Council  
  26  2:22  Probe  
  27  2:25  Stalker (Chrono Boost)  
  29  2:33  Probe (Chrono Boost)  
  31  2:40  Probe (Chrono Boost)  
  31  2:43  Probe (Chrono Boost)  
  32  2:47  Probe (Chrono Boost)  
  32  2:48  Probe (Chrono Boost)  
  32  2:49  Blink (Chrono Boost)  
  34  2:58  Probe  
  35  3:00  Probe  
  35  3:04  Stalker  
  38  3:10  Gateway  
  38  3:11  Probe  
  39  3:13  Probe  
  40  3:23  Robotics Facility, Probe  
  40  3:25  Probe  
  42  3:34  Pylon  
  42  3:35  Probe  
  42  3:37  Probe  
  44  3:47  Probe  
  45  3:49  Probe  
  45  3:51  Nexus  
  46  3:58  Stalker  
  46  3:59  Probe  
  49  4:04  Probe  
  49  4:06  Stalker  
  52  4:11  Probe  
  52  4:14  Observer  
  52  4:16  Pylon  
  54  4:29  Assimilator  
  54  4:31  Pylon  
  54  4:32  Assimilator  
  54  4:34  Probe x2  
  54  4:36  Stalker x2  
  60  4:42  Pylon  
  60  4:46  Probe x2  
  60  4:50  Forge  
  62  4:59  Gateway, Probe x2  
  64  5:00  Gateway  
  64  5:03  Templar Archives  
  62  5:08  Stalker  
  62  5:10  Probe  
  62  5:11  Probe x2  
  62  5:13  Charge (Chrono Boost)  
  67  5:21  Psionic Storm, Gateway  
  67  5:22  Probe  
  67  5:23  Probe x2  
  67  5:25  Protoss Ground Weapons Level 1 (Chrono Boost)  
  67  5:26  Gateway  
  65  5:33  Gateway  
  65  5:34  Probe  
  66  5:35  Probe  
  67  5:46  Gateway  
  67  5:49  Shield Battery  
  67  5:51  Stalker  
  69  6:00  Stalker x2  
  69  6:03  High Templar  
  75  6:04  Pylon  
  75  6:11  Photon Cannon  
  75  6:17  Stalker x2  
  77  6:21  Zealot  
  77  6:25  Zealot x2  
  81  6:27  High Templar  
  81  6:29  Probe  
  81  6:30  Probe  
  85  6:37  Zealot  
  85  6:38  Probe  
  82  6:40  Zealot  
  82  6:41  Zealot x2  
  82  6:44  Probe  
  79  6:49  Zealot x2  
  79  6:50  Probe  
  79  6:51  Probe  
  83  6:54  High Templar  
  83  6:59  Probe, Pylon  
  86  7:02  Probe  
  86  7:04  Probe  
  86  7:06  High Templar  
  90  7:10  Protoss Ground Armor Level 1 (Chrono Boost), High Templar  
  90  7:11  Probe  
  90  7:13  Pylon  
  93  7:17  Probe x2  
  93  7:19  Assimilator  
  93  7:22  Shield Battery  
  95  7:23  Assimilator, Probe  
  95  7:29  Probe x2, High Templar  
  99  7:33  Warp Prism (Chrono Boost)  
  99  7:35  Probe  
  102  7:38  Zealot  
  102  7:43  Sentry  
  102  7:44  Pylon  
  106  7:46  Pylon  
  106  7:48  Photon Cannon  
  106  7:50  Pylon  
  106  7:53  Zealot  
  106  7:57  Pylon  
  108  8:00  Pylon  
  108  8:02  Zealot x2, High Templar x2  
  116  8:06  Archon  
  116  8:12  Zealot x3  
  120  8:22  High Templar  
  120  8:23  Archon  
  120  8:25  High Templar  
  124  8:30  Zealot  
  126  8:34  Zealot x5, Pylon  
  126  8:36  Pylon  
  126  8:39  Observer  
  136  8:42  Pylon  
  136  8:46  Observer  
  136  8:49  Photon Cannon  
  136  8:50  High Templar  
  136  8:54  Protoss Ground Weapons Level 2 (Chrono Boost)  
  136  8:55  Archon  
  138  8:57  Zealot x7  
  152  9:06  Pylon  
  152  9:16  Pylon  
  142  9:18  Warp Prism (Chrono Boost)  
  142  9:20  High Templar x4  
  142  9:21  Observer  
  148  9:25  Zealot x4  
  148  9:26  Observer  
  156  9:36  Robotics Bay  
  156  9:41  Robotics Facility  
  156  9:46  Stalker x4  
  156  9:49  Observer  
  164  9:55  Zealot x4  
  172  10:02  Pylon  
  172  10:08  Nexus  
  170  10:24  Zealot x6  
  171  10:31  Colossus (Chrono Boost), Probe  
  176  10:36  Observer  
  182  10:43  Colossus (Chrono Boost)  
  182  10:45  Probe  
  183  10:53  Extended Thermal Lance (Chrono Boost)  
  183  10:55  Protoss Ground Armor Level 2 (Chrono Boost)  
  183  10:58  Sentry  
  183  10:59  Zealot x2  
  189  11:07  Pylon  
  175  11:20  Zealot x3  
  175  11:30  Zealot x2  
  175  11:31  Colossus x2 (Chrono Boost)  
  179  11:40  High Templar  
  179  11:43  Pylon  
  181  11:47  Nexus  
  181  11:50  Pylon  
  181  11:52  Pylon  
  181  12:05  Pylon, High Templar x3  
  187  12:09  Archon  
  187  12:10  High Templar  
  187  12:13  Pylon  
  187  12:15  Archon  
  189  12:16  Zealot x4  
  189  12:17  Pylon  
  189  12:19  Observer  
  194  12:25  Observer (Chrono Boost)  
  169  12:34  Probe x3  
  156  12:46  Disruptor x2 (Chrono Boost)  
  156  12:49  Probe  
  157  12:52  Zealot x5  
  157  12:53  Zealot x3  
  157  12:55  Probe x2  
  175  13:01  Probe  
  176  13:06  Pylon  
  176  13:08  Probe x3  
  176  13:09  Dark Shrine  
  179  13:13  Probe  
  180  13:20  Disruptor x2 (Chrono Boost)  
  180  13:22  Zealot x3  
  180  13:23  Zealot x3  
  198  13:27  Observer  
  169  13:39  Probe  
  169  13:40  Probe  
  163  13:42  Probe  
  163  13:44  Probe  
  163  13:47  Protoss Ground Weapons Level 3 (Chrono Boost)  
  165  13:51  Probe, Shield Battery  
  165  13:53  Disruptor (Chrono Boost)  
  169  13:55  Disruptor (Chrono Boost)  
  172  14:04  Stalker x4  
  172  14:07  Archon  
  172  14:08  Zealot x2  
  172  14:22  Stalker x2, Disruptor  
  165  14:35  Observer, Probe x3  
  164  14:41  Zealot x5  
  164  14:42  Shadow Stride (Chrono Boost)  
  174  14:52  Probe x2  
  176  14:56  Pylon  
  176  14:57  Disruptor  
  174  15:13  Photon Cannon  
  174  15:22  Stalker, Zealot  
  174  15:28  Nexus  
  178  15:30  Zealot x2, Sentry  
  184  15:36  Stalker x2  
  188  15:45  Zealot x3  
  162  16:06  Dark Templar x8  
  178  16:12  Assimilator, Probe  
  178  16:16  Assimilator  
  179  16:22  Disruptor  
  157  16:35  Disruptor (Chrono Boost)  
  156  16:41  Stalker, Zealot x3  
  156  16:42  Zealot x2  
  156  16:44  Probe x2  
  170  16:53  Zealot x2  
  173  17:04  Probe, Disruptor (Chrono Boost)  
  174  17:09  Zealot x2  
  174  17:10  Zealot x2  
  174  17:11  Probe x2  
  182  17:16  Disruptor (Chrono Boost)  
  177  17:26  Stalker x3  
  178  17:36  Stalker x2  
  180  17:37  Probe  
  181  17:48  Stalker x3  
  187  17:51  Pylon  
  181  17:59  Disruptor  
  181  18:00  Disruptor  
  187  18:08  Pylon  
  142  18:35  Nexus, Disruptor  
  142  18:38  Stalker x4, Pylon  
  142  18:39  Zealot  
  151  18:59  Zealot x4  
  159  19:04  Shield Battery  
  159  19:05  Stalker x3  
  157  19:22  Stalker x4  
  159  19:34  Dark Templar  
  159  19:35  Dark Templar x2  
  160  19:47  Probe x3  
  163  19:54  Zealot x5  
  173  20:03  Observer (Chrono Boost)  
  174  20:07  Stalker x2  
  176  20:17  Zealot x3  
  180  20:23  Observer  
  161  20:31  Disruptor  
  150  20:39  Zealot x5  
  158  20:43  Disruptor  
  158  20:46  Zealot  
  159  20:51  Stalker x2  
  161  21:02  Stalker x3  
  156  21:05  Observer  
  156  21:07  Disruptor  
  157  21:15  Stalker x3  
  142  21:23  Observer  
  142  21:24  Zealot x2  
  127  21:28  Stalker x2  
  112  21:40  Stalker x3  
  112  21:44  Zealot x2  

Tags
 
Add a new tag
Caveats
  • Supply blocks, unpowered buildings, or Contaminate may cause inaccurate times.
  • Supply counts are checked every 10 seconds.